 Dungeon Sprint DCSS version 0.30.1-11-g7821555f0a (webtiles) character file.

Game seed: 6132442784045120836

50966 Heoruswealwe the Heavyweight Champion (level 14, -11/166 HPs)
             Began as a Troll Fighter on Jan 18, 2024.
             Was an Initiate of Gozag.
             Mangled by a deep troll shaman (14 damage)
             ... in the Dungeon (Sprint IX: "|||||||||||||||||||||||||||||").
             The game lasted 00:35:48 (3211 turns).

Heoruswealwe the Heavyweight Champion (TrFi)        Turns: 3211, Time: 00:35:49

Health: -11/166    AC: 18    Str: 33    XL:     14   Next: 21%
Magic:  23/23      EV: 16    Int: 12    God:    Gozag
Gold:   2691       SH:  0    Dex:  9    Spells: 13/13 levels left

rFire   . .          .
                       - Unarmed
rCold   + . .        (no shield)
rNeg    . . .        c - +0 shadow dragon scales
rPois   +            g - +3 hat of Pondering {ponderous, Will+ MP+10 Int+5}
rElec   .            h - +0 cloak of Space {Str+2}
rCorr   .            (gloves unavailable)
SInv    .            (boots unavailable)
Will    ++...        (no amulet)
Stlth   ++           k - ring of Tienlufeu {rC+ EV+5 Int+3}
HPRegen 1.27/turn    j - ring of poison resistance
MPRegen 0.18/turn

%: no teleportation
@: gold aura, studying Shields, slow
A: large, unfitting armour, claws 3, regeneration 1, shaggy fur 1, tough skin 1
a: Renounce Religion, Potion Petition, Call Merchant, Bribe Branch


You were in the Dungeon.
You worshipped Gozag.
Gozag was most pleased with you.
You visited 1 branch You collected 16899 gold pieces.
You spent 8430 gold pieces at shops.
You paid 5778 gold pieces to Gozag.

Inventory:

Armour
 c - +0 shadow dragon scales (worn)
 d - a +0 kite shield
 g - the +3 hat of Pondering (worn) {ponderous, Will+ MP+10 Int+5}
   (You bought it in a shop in the Dungeon)

   Int:       It affects your intelligence (+5).
   MP:        It affects your magic capacity (+10).
   Will:      It increases your willpower.
 h - the +0 cloak of Space (worn) {Str+2}
   (You bought it in a shop in the Dungeon)

   Str:       It affects your strength (+2).
Jewellery
 j - a ring of poison resistance (right claw)
 k - the ring of Tienlufeu (left claw) {rC+ EV+5 Int+3}
   (You bought it in a shop in the Dungeon)

   [ring of evasion]

   EV:        It affects your evasion (+5).
   Int:       It affects your intelligence (+3).
   rC:        It protects you from cold.
Wands
 q - a wand of light (21)
Scrolls
 e - 2 scrolls of identify
 f - 5 scrolls of enchant armour
 i - 2 scrolls of blinking
 l - 2 scrolls of acquirement
Potions
 a - a potion of haste
 b - 3 potions of curing
 m - a potion of cancellation
 t - 3 potions of might
Miscellaneous
 n - a tin of tremorstones (2/2)
 o - a box of beasts
 p - a phantom mirror
 r - a piece from Xom's chessboard (15/15)


   Skills:
 + Level 17.4 Fighting
 + Level 2.8 Armour
 + Level 17.5 Dodging
 - Level 2.6 Shields
 O Level 27 Unarmed Combat
 + Level 2.4 Evocations


You had 13 spell levels left.
You didn't know any spells.
Your spell library was empty.

Dungeon Overview and Level Annotations

Branches:
Dungeon (1/1)

Altars:
Cheibriados
Dithmenos
Elyvilon
Fedhas
Gozag
Hepliaklqana
Kikubaaqudgha
Makhleb
Nemelex Xobeh
Okawaru
Qazlal
Ru
Sif Muna
Trog
Uskayaw
Vehumet
Wu Jian
Xom
Yredelemnul
Zin
The Shining One
Jiyva
Lugonu

Shops:
D [*[[*?*=::


Innate Abilities, Weirdness & Mutations

You are too large for most types of armour.
You have claws for hands.
Your natural rate of healing is unusually fast.
You are covered in fur. (AC +1)
You have tough skin. (AC +1)


Message History

The ettin barely misses you.
The ettin hits you with a +0 dire flail!!
* * * LOW HITPOINT WARNING * * *
You feel better. The ettin barely misses you. The ettin closely misses you.
You claw the ettin!
The ettin is almost dead.
You scratch the ettin.
The ettin is almost dead.
The ettin misses you. The ettin barely misses you.
You eviscerate the ettin!!!
You kill the ettin!
Your Armour skill increases to level 2!
Your Evocations skill increases to level 2!
You start resting.
A stone giant is nearby!
The stone giant shouts!
You hear a shout!
The stone giant throws a large rock.
The large rock hits you!!
* * * LOW HITPOINT WARNING * * *
You close the door, pushing everything out of the way.
Items here: $ ))) [[.
You now have enough gold to fund merchants seeking to open stores in the dungeon.
You now have 2691 gold pieces (gained 1521).
Items here: ))) [[.
A stone giant breaks down the door.
A deep troll shaman comes into view.
Items here: ))) [[.
You claw the stone giant!
You claw the stone giant, but do no damage.
The stone giant is lightly wounded.
You mangle the stone giant!!
The stone giant is heavily wounded.
The stone giant hits you!
* * * LOW HITPOINT WARNING * * *
You eviscerate the stone giant!!!
You kill the stone giant!
You barely miss the deep troll shaman. The deep troll shaman bites you!
* * * LOW HITPOINT WARNING * * *
The deep troll shaman claws you!
You die...
Your body crumbles into a pile of gold.

[.[[[[[[[.)))))))).=.=='.........
▓▓▓▓▓▓▓▓▓▓▓▓▓▓▓▓▓▓▓▓▓▓▓▓▓▓▓▓▓▓▓▓▓
.................................
▓▓▓▓▓▓▓▓♣♣♣♣♣♣♣♣♣♣▓▓▓▓▓▓▓▓▓▓▓▓▓▓.
......)'....=....'...............
▓▓▓▓▓▓▓▓♣♣♣♣♣♣♣♣♣♣▓▓▓▓▓▓▓▓▓▓▓▓▓▓▓
.................................
▓▓▓▓▓▓▓▓▓▓▓▓▓▓▓▓▓▓▓▓▓▓▓▓▓▓▓▓▓▓▓▓.
.....[T@................
▓▓▓▓▓▓▓▓▓▓▓▓▓▓▓▓▓▓▓▓▓▓▓▓


You could see a deep troll shaman.

Vanquished Creatures
  Gastronok (D)
  Frances (D)
  A tengu reaver (D)
  A fire giant (D)
  2 frost giants (D)
  2 stone giants (D)
  Azrael (D)
  A spark wasp (D)
  2 bunyips (D)
  A fire dragon (D)
  2 ettins (D)
  An entropy weaver (D)
  2 ice dragons (D)
  A spriggan air mage (D)
  A catoblepas (D)
  2 hydras (D)
  An alligator snapping turtle (D)
  2 anacondas (D)
  2 alligators (D)
  A boulder beetle (D)
  2 tengu warriors (D)
  5 two-headed ogres (D)
  5 ogre magi (D)
  2 naga warriors (D)
  Urug (D)
  A deep troll earth mage (D)
  2 naga sharpshooters (D)
  A skeletal warrior (D)
  A hell knight (D)
  A pharaoh ant (D)
  A sea snake (D)
  2 steelbarb worms (D)
  2 swamp dragons (D)
  A mana viper (D)
  A lindwurm (D)
  A glowing orange brain (D)
  5 orc knights (D)
  2 deep elf pyromancers (D)
  A will-o-the-wisp (D)
  2 ugly things (D)
  A cyclops (D)
  A merfolk siren (D)
  3 manticores (D)
  An elephant (D)
  A naga mage (D)
  A black mamba (D)
  A cane toad (D)
  2 demonic crawlers (D)
  Psyche (D)
  A rime drake (D)
  An efreet (D)
  A tengu conjurer (D)
  A komodo dragon (D)
  A merfolk (D)
  2 tyrant leeches (D)
  A meliai (D)
  A wind drake (D)
  2 blink frogs (D)
  A raiju (shapeshifter) (D)
  A hornet (D)
  A dream sheep (D)
  3 snapping turtles (D)
  A jumping spider (D)
  A culicivora (D)
  A water elemental (D)
  2 basilisks (D)
  2 yaks (D)
  4 fire elementals (D)
  A vampire mosquito (D)
  2 hell hounds (D)
  4 water moccasins (D)
  10 orc warriors (D)
  3 ogres (D)
  A wolf (D)
  A bullfrog (D)
  A scorpion (D)
  2 howler monkeys (D)
  6 orc priests (D)
  A hound (D)
  5 orc wizards (D)
  2 adders (D)
  An ufetubus (D)
  5 worms (D)
  An adder simulacrum (D)
  3 orcs (D)
  A ball python (D)
  A goblin (D)
  A hobgoblin (D)
  A jackal (D)
  A quokka (D)
161 creatures vanquished.

Vanquished Creatures (others)
  3 foxfires (D)
3 creatures vanquished.

Grand Total: 164 creatures vanquished

Notes
Turn   | Place    | Note
-------+----------+-------------------------------------------
     0 | D        | Heoruswealwe the Troll Fighter began the quest for the Orb.
     0 | D        | Reached XP level 1. HP: 22/22 MP: 0/0
    15 | D        | Reached skill level 3 in Unarmed Combat
    25 | D        | Noticed a hound
    25 | D        | Noticed a scorpion
    31 | D        | Killed a scorpion
    32 | D        | Reached skill level 5 in Unarmed Combat
    32 | D        | Reached XP level 2. HP: 19/32 MP: 1/1
    32 | D        | Reached XP level 3. HP: 23/39 MP: 2/2
    38 | D        | Reached skill level 6 in Unarmed Combat
    38 | D        | Reached XP level 4. HP: 31/48 MP: 3/3
    60 | D        | Found a snail-covered altar of Cheibriados.
    60 | D        | Found a shadowy altar of Dithmenos.
    60 | D        | Found a white marble altar of Elyvilon.
    60 | D        | Found a blossoming altar of Fedhas.
    60 | D        | Found an opulent altar of Gozag.
    61 | D        | Found a hazy altar of Hepliaklqana.
    62 | D        | Found a viscous altar of Jiyva.
    63 | D        | Found an ancient bone altar of Kikubaaqudgha.
    66 | D        | Found a corrupted altar of Lugonu.
    67 | D        | Found a burning altar of Makhleb.
    68 | D        | Found a sparkling altar of Nemelex Xobeh.
    69 | D        | Found an iron altar of Okawaru.
    70 | D        | Became a worshipper of Gozag Ym Sagoz the Greedy
    71 | D        | Found a stormy altar of Qazlal.
    72 | D        | Found a sacrificial altar of Ru.
    73 | D        | Found a shimmering blue altar of Sif Muna.
    74 | D        | Found a bloodstained altar of Trog.
    75 | D        | Found a hide-covered altar of Uskayaw.
    76 | D        | Found a radiant altar of Vehumet.
    77 | D        | Found an ornate altar of the Wu Jian Council.
    78 | D        | Found a shimmering altar of Xom.
    79 | D        | Found a basalt altar of Yredelemnul.
    80 | D        | Found a glowing silver altar of Zin.
    81 | D        | Found a glowing golden altar of the Shining One.
   130 | D        | Noticed a vampire mosquito
   130 | D        | Noticed a hornet
   135 | D        | Reached skill level 7 in Unarmed Combat
   135 | D        | Reached XP level 5. HP: 55/55 MP: 4/4
   137 | D        | Reached skill level 5 in Fighting
   137 | D        | Reached skill level 5 in Dodging
   137 | D        | Reached skill level 8 in Unarmed Combat
   156 | D        | Killed a hornet
   157 | D        | Reached skill level 10 in Unarmed Combat
   157 | D        | Reached XP level 6. HP: 50/68 MP: 5/5
   166 | D        | Killed a vampire mosquito
   167 | D        | Reached skill level 11 in Unarmed Combat
   167 | D        | Reached XP level 7. HP: 26/76 MP: 6/6
   212 | D        | Noticed a cyclops
   212 | D        | Noticed a manticore
   212 | D        | Noticed a green ugly thing
   212 | D        | Noticed a deep elf pyromancer
   212 | D        | Noticed a skeletal warrior
   226 | D        | Killed a deep elf pyromancer
   227 | D        | Reached skill level 12 in Unarmed Combat
   229 | D        | Killed a skeletal warrior
   230 | D        | Reached skill level 13 in Unarmed Combat
   230 | D        | Reached XP level 8. HP: 23/89 MP: 7/7
   239 | D        | Killed a green ugly thing
   240 | D        | Reached skill level 14 in Unarmed Combat
   320 | D        | Killed a manticore
   321 | D        | Reached XP level 9. HP: 17/98 MP: 8/8
   325 | D        | Killed a cyclops
   326 | D        | Reached skill level 15 in Unarmed Combat
   524 | D        | Noticed an elephant
   524 | D        | Noticed a rime drake
   533 | D        | Killed a rime drake
   563 | D        | Reached skill level 10 in Fighting
   563 | D        | Reached skill level 10 in Dodging
   566 | D        | Killed an elephant
   567 | D        | Reached skill level 16 in Unarmed Combat
   576 | D        | Reached XP level 10. HP: 111/111 MP: 9/9
   593 | D        | Noticed a catoblepas
   606 | D        | Noticed a cane toad
   613 | D        | Killed a catoblepas
   614 | D        | Reached skill level 17 in Unarmed Combat
   642 | D        | Killed a cane toad
   699 | D        | Noticed a lindwurm
   786 | D        | Killed a lindwurm
   787 | D        | Reached skill level 18 in Unarmed Combat
  1120 | D        | Noticed an orc knight
  1120 | D        | Noticed an orc knight
  1120 | D        | Noticed an orc knight
  1130 | D        | Killed an orc knight
  1131 | D        | Reached XP level 11. HP: 46/123 MP: 10/10
  1133 | D        | Killed an orc knight
  1134 | D        | Reached skill level 19 in Unarmed Combat
  1140 | D        | Killed an orc knight
  1141 | D        | Noticed an orc knight
  1159 | D        | Killed an orc knight
  1238 | D        | Found Qyiroicso's Book Boutique.
  1238 | D        | Noticed a two-headed ogre
  1238 | D        | Noticed an ogre mage
  1238 | D        | Noticed an ogre mage
  1238 | D        | Noticed an ogre mage
  1238 | D        | Noticed a two-headed ogre
  1243 | D        | Killed an ogre mage
  1251 | D        | Killed an ogre mage
  1252 | D        | Reached skill level 20 in Unarmed Combat
  1258 | D        | Killed an ogre mage
  1261 | D        | Killed a two-headed ogre
  1263 | D        | Killed a two-headed ogre
  1276 | D        | Noticed a two-headed ogre
  1285 | D        | Killed a two-headed ogre
  1336 | D        | Found Hoetraca's Book Shop.
  1340 | D        | Found Kaddyjot's Jewellery Boutique.
  1342 | D        | Noticed a two-headed ogre
  1355 | D        | Killed a two-headed ogre
  1359 | D        | Noticed a two-headed ogre
  1373 | D        | Killed a two-headed ogre
  1374 | D        | Reached skill level 21 in Unarmed Combat
  1381 | D        | Noticed an ogre mage
  1389 | D        | Noticed an ogre mage
  1396 | D        | Paralysed by something for 2 turns
  1399 | D        | Killed an ogre mage
  1404 | D        | Killed an ogre mage
  1405 | D        | Reached XP level 12. HP: 34/136 MP: 11/11
  1518 | D        | Found Degosiff's General Store.
  1561 | D        | Bought a potion of curing for 39 gold pieces
  1564 | D        | Bought a scroll of blinking for 120 gold pieces
  1564 | D        | Bought a scroll of identify for 32 gold pieces
  1564 | D        | Bought a scroll of identify for 32 gold pieces
  1564 | D        | Bought a scroll of enchant armour for 120 gold pieces
  1564 | D        | Bought a scroll of acquirement for 832 gold pieces
  1564 | D        | Bought a scroll of identify for 32 gold pieces
  1564 | D        | Bought a scroll of identify for 32 gold pieces
  1567 | D        | Bought a scroll of blinking for 210 gold pieces
  1567 | D        | Bought a scroll labelled BIFIHO TATWA for 28 gold pieces
  1567 | D        | Bought a tin of tremorstones (2/2) for 1120 gold pieces
  1567 | D        | Bought a box of beasts for 1120 gold pieces
  1567 | D        | Bought 2 scrolls labelled BIFIHO TATWA for 56 gold pieces
  1567 | D        | Bought a phantom mirror for 1120 gold pieces
  1567 | D        | Bought a polished cloak for 266 gold pieces
  1567 | D        | Identified the +0 cloak of Space {Str+2} (You bought it in
                  | a shop in the Dungeon)
  1567 | D        | Bought a piece from Xom's chessboard (15/15) for 560 gold
                  | pieces
  1652 | D        | Noticed Psyche
  1654 | D        | Noticed Gastronok
  1659 | D        | Killed Psyche
  1668 | D        | Killed Gastronok
  1715 | D        | Noticed Urug
  1720 | D        | Killed Urug
  1876 | D        | Noticed a boulder beetle
  1881 | D        | Reached skill level 22 in Unarmed Combat
  1888 | D        | Killed a boulder beetle
  1966 | D        | Noticed an ice dragon
  1967 | D        | Noticed an ettin
  1969 | D        | Noticed a tengu reaver
  1974 | D        | Noticed a frost giant
  1975 | D        | Killed an ice dragon
  1978 | D        | Killed an ettin
  1988 | D        | HP: 7/140 [tengu reaver/+0 dire flail (21)]
  2070 | D        | Killed a tengu reaver
  2071 | D        | Reached skill level 23 in Unarmed Combat
  2103 | D        | HP: 9/210 [frost giant/+0 battleaxe of freezing (7)]
  2105 | D        | Killed a frost giant
  2292 | D        | Bought a transparent glass ring for 150 gold pieces
  2292 | D        | Identified the ring of Tienlufeu {rC+ EV+5 Int+3} (You
                  | bought it in a shop in the Dungeon)
  2292 | D        | Bought a bubbling orange potion for 27 gold pieces
  2292 | D        | Bought a scroll of acquirement for 1560 gold pieces
  2292 | D        | Bought a scroll of identify for 60 gold pieces
  2318 | D        | Noticed Azrael
  2327 | D        | Killed Azrael
  2334 | D        | Reached skill level 15 in Fighting
  2334 | D        | Reached skill level 15 in Dodging
  2406 | D        | Noticed a four-headed hydra
  2406 | D        | Noticed an alligator
  2406 | D        | Noticed a bunyip
  2418 | D        | Reached XP level 13. HP: 127/149 MP: 12/12
  2420 | D        | Killed a bunyip
  2421 | D        | Reached skill level 24 in Unarmed Combat
  2432 | D        | Noticed a bunyip
  2443 | D        | Killed a bunyip
  2577 | D        | Reached skill level 25 in Unarmed Combat
  2876 | D        | Reached skill level 26 in Unarmed Combat
  2950 | D        | Bought the +3 hat of Pondering {ponderous, Will+ MP+10
                  | Int+5} for 914 gold pieces
  2950 | D        | Found the +3 hat of Pondering {ponderous, Will+ MP+10
                  | Int+5}
  3025 | D        | Noticed Frances
  3032 | D        | Killed Frances
  3112 | D        | Noticed a fire dragon
  3112 | D        | Noticed a stone giant
  3112 | D        | Noticed a spark wasp
  3141 | D        | Noticed a fire giant
  3142 | D        | Killed a spark wasp
  3147 | D        | Killed a stone giant
  3148 | D        | Reached XP level 14. HP: 105/163 MP: 13/13
  3151 | D        | Noticed a frost giant
  3173 | D        | Noticed a stone giant
  3179 | D        | Killed a fire giant
  3180 | D        | Reached skill level 27 in Unarmed Combat
  3181 | D        | Killed a frost giant
  3182 | D        | Reached skill level 1 in Armour
  3182 | D        | Reached skill level 1 in Evocations
  3209 | D        | Killed a stone giant
  3211 | D        | HP: 3/166 [deep troll shaman (15)]
  3211 | D        | Mangled by a deep troll shaman

Illustrated notes

Levels and vault maps discovered:
D:        linesprint [early_d, line_temple, items_1, d_10, items_2, lair_1,
          lair_end, items_3, orc_1, orc_end, items_4, d_15, swamp_1, shoals_1,
          snake_1, spider_1, d_20, vaults_1, items_5, swamp_end, shoals_end,
          snake_end, spider_end, vaults_end, d_27, items_6, zot_1, zot_end,
          crypt_end, forest_end, elf_end, slime_end, tomb_end, abyss_end,
          pan_hell_end]

Skill      XL: |  1  2  3  4  5  6  7  8  9 10 11 12 13 14 |
---------------+-------------------------------------------+-----
Unarmed Combat | 5 6 7 10 11 13 14 16 18 21 23 26 27 | 27.0
Fighting       | 4 6 8 9 10 11 13 15 16 17 | 17.4
Dodging        | 4 6 8 9 10 11 13 15 16 17 | 17.5
Armour         | 2 |  2.8
Evocations     | 2 |  2.4
Shields        | |  2.6

Action                     |  1- 3 |  4- 6 |  7- 9 | 10-12 | 13-15 || total
---------------------------+-------+-------+-------+-------+-------++-------
  Melee: Unarmed           |    22 |    36 |    51 |   250 |   186 ||   545
         Punch             |       |     2 |     5 |    26 |    24 ||    57
 Invoke: Call Merchant     |       |       |       |     3 |     3 ||     6
    Use: Potion            |       |       |    10 |     5 |     4 ||    19
         Scroll            |       |       |       |     5 |       ||     5
   Stab: Distracted        |       |       |       |     2 |       ||     2
         Sleeping          |       |       |       |       |     1 ||     1
 Armour: Robe              |     4 |    11 |     7 |    23 |       ||    45
         Shadow dragon sca |       |       |       |    23 |    49 ||    72
  Dodge: Dodged            |    10 |    19 |    15 |    47 |    67 ||   158
